 Dungeon Crawl Stone Soup version 0.27.1-1-g398f81649c (webtiles) character file.

Game seed: 505285096935724939

2258 Rickety the Covert (level 9, -2/41 HPs)
             Began as a Spriggan Enchanter on Sept 9, 2021.
             Was a Follower of Dithmenos.
             Slain by a two-headed ogre (9 damage)
             ... on level 6 of the Dungeon.
             The game lasted 00:27:25 (10377 turns).

Rickety the Covert (Spriggan Enchanter)            Turns: 10377, Time: 00:27:26

Health: -2/41      AC:  5    Str:  4    XL:     9   Next: 15%
Magic:  10/18      EV: 19    Int: 16    God:    Dithmenos [*.....]
Gold:   270        SH:  0    Dex: 19    Spells: 13/19 levels left

rFire    . . .     SeeInvis +   a - +1 dagger (venom)
rCold    . . .     Faith    .   (shield restricted)
rNeg     . . .     Spirit   .   p - +0 robe
rPois    .         Reflect  .   (helmet restricted)
rElec    .         Harm     .   c - +2 cloak {rCorr}
rCorr    +         Rampage  .   (gloves unavailable)
Will     ++...                  (boots unavailable)
Stlth    +++++++...             t - amulet of regeneration
HPRegen  1.13/turn              i - ring of willpower
MPRegen  0.16/turn              u - ring of resist corrosion

@: confusing by touch, wreathed by umbra, very quick
A: very small, no large weapons, unfitting armour, see invisible, speed 3
a: Renounce Religion


You were on level 6 of the Dungeon.
You worshipped Dithmenos.
Dithmenos was aware of your devotion.
You visited 2 branches of the dungeon, and saw 8 of its levels.

You collected 270 gold pieces.

Inventory:

Hand Weapons
 a - a +1 dagger of venom (weapon)
 b - a +3 short sword
 m - a +3 dagger
Missiles
 g - 7 atropa-tipped darts
 o - 6 poisoned darts
 s - a throwing net
Armour
 c - a +2 cloak of preservation (worn)
 p - a +0 robe (worn)
Jewellery
 i - a ring of willpower (left hand)
 q - a ring of protection from fire
 t - an amulet of regeneration (around neck)
 u - a ring of resist corrosion (right hand)
Scrolls
 d - 2 scrolls of brand weapon
 j - a scroll of immolation
Potions
 e - 2 potions of degeneration {unknown}
 f - 4 potions of attraction
 h - a potion of invisibility {unknown}
 k - 2 potions of ambrosia
 l - 3 potions of heal wounds
 n - 3 potions of magic
 r - a potion of flight {unknown}


   Skills:
 + Level 1.0 Fighting
 * Level 5.0 Short Blades
 + Level 4.1 Dodging
 + Level 13.1 Stealth
 + Level 5.5 Spellcasting
 * Level 6.6 Hexes
 + Level 2.5 Ice Magic


You had 13 spell levels left.
You knew the following spells:

 Your Spells              Type           Power      Damage    Failure   Level
a - Corona                Hex            27%        N/A       1%          1
b - Ensorcelled Hibernat  Hex/Ice        38%        N/A       3%          2
c - Confusing Touch       Hex            25%        N/A       2%          3

Your spell library contained the following spells:

 Spells                   Type           Power      Damage    Failure   Level
 Tukima's Dance           Hex            25%        N/A       2%          3
 Dazzling Flash           Conj/Hex       30%        N/A       11%         3


Dungeon Overview and Level Annotations

Branches:
Dungeon (7/15)             Temple (1/1) D:4

Altars:
Ashenzari
Cheibriados
Dithmenos
Elyvilon
Fedhas
Gozag
Hepliaklqana
Makhleb
Okawaru
Qazlal
Ru
Sif Muna
Trog
Uskayaw
Vehumet
Wu Jian
Yredelemnul
Zin
The Shining One

Annotations:
D:4 1 transporter, cahman's ghost, amateur HOMo


Innate Abilities, Weirdness & Mutations

You are very small and have problems with some larger weapons.
You are too small for most types of armour.
You have supernaturally acute eyesight. (SInv)
You cover ground extremely quickly. (Speed+++)


Message History

Aim: a two-headed ogre, wielding a +0 giant spiked club and a +3 dire flail (not susceptible)
The two-headed ogre is unaffected.
Casting: Ensorcelled Hibernation (safe; 3% risk of failure)
Confirm with . or Enter, or press ? or * to list all spells.
Aiming: Ensorcelled Hibernation (safe; 3% risk of failure)
Press: ? - help, Shift-Dir - straight line, f/p - two-headed ogre
Aim: a two-headed ogre, wielding a +0 giant spiked club and a +3 dire flail (chance to affect: 32%)
The two-headed ogre easily resists.
You start resting.
Magic restored.
Casting: Ensorcelled Hibernation (safe; 3% risk of failure)
Confirm with . or Enter, or press ? or * to list all spells.
Aiming: Ensorcelled Hibernation (safe; 3% risk of failure)
Press: ? - help, Shift-Dir - straight line, f/p - two-headed ogre
Aim: a two-headed ogre, wielding a +0 giant spiked club and a +3 dire flail (wandering, hasn't noticed you, chance to affect: 32%)
The two-headed ogre shouts in stereo!
The two-headed ogre easily resists.
Casting: Ensorcelled Hibernation (safe; 3% risk of failure)
Confirm with . or Enter, or press ? or * to list all spells.
Aiming: Ensorcelled Hibernation (safe; 3% risk of failure)
Press: ? - help, Shift-Dir - straight line, f/p - two-headed ogre
Aim: a two-headed ogre, wielding a +0 giant spiked club and a +3 dire flail (chance to affect: 32%)
The two-headed ogre easily resists.
Casting: Ensorcelled Hibernation (safe; 3% risk of failure)
Confirm with . or Enter, or press ? or * to list all spells.
Aiming: Ensorcelled Hibernation (safe; 3% risk of failure)
Press: ? - help, Shift-Dir - straight line, f/p - two-headed ogre
Aim: a two-headed ogre, wielding a +0 giant spiked club and a +3 dire flail (chance to affect: 32%)
The two-headed ogre easily resists.
You hit the two-headed ogre but do no damage.
Casting: Ensorcelled Hibernation (safe; 3% risk of failure)
Confirm with . or Enter, or press ? or * to list all spells.
Your hands begin to glow red.
You hit the two-headed ogre but do no damage.
You hit the two-headed ogre but do no damage.
The two-headed ogre hits you with a +0 giant spiked club!!
Ouch! That really hurt!
* * * LOW HITPOINT WARNING * * *
The two-headed ogre hits you with a +3 dire flail!
You die...

##.....#####.......# ##### #...
.......###.#.......# #...
........#..........###########...
.##..............................
.##.....................##.......
##....#.................#........
..........#...#......#...........
..........##.##..#...###.........
..##..........##@#...####........
...#.......##...O................
#......)..##.............#.......
#........####............#.......
#.........###....................
#............................###.
......#..##...................##.
......#####......................
.......###..#.......)............


You could see a two-headed ogre.

Vanquished Creatures
  3 yaks
  2 water moccasins (D:7)
  A black bear (D:6)
  3 ogres
  A centaur (D:7)
  2 phantoms (D:5)
  A bullfrog (D:7)
  A wyvern zombie (D:7)
  A water moccasin zombie (D:5)
  A water moccasin skeleton (D:6)
  3 wights (D:7)
  A bullfrog zombie (D:6)
  A centaur zombie (D:6)
  5 hounds
  A jelly (D:7)
  An orc priest (D:4)
  An iguana (D:7)
  Crazy Yiuf (D:6)
  Natasha (thrice) (D:3)
  A hound skeleton (D:5)
  Robin (D:3)
  8 gnolls
  A howler monkey skeleton (D:6)
  5 adders
  2 shadow imps
  A white imp (D:6)
  2 worms
  A dart slug (D:1)
  4 orcs
  4 endoplasms
  4 giant cockroaches
  14 goblins
  11 hobgoblins
  6 jackals (D:1)
  10 kobolds
  4 quokkas
  8 ball pythons
  3 bats (D:2)
  4 frilled lizards
  6 rats
133 creatures vanquished.

Notes
Turn   | Place    | Note
-------+----------+-------------------------------------------
     0 | D:1      | Rickety the Spriggan Enchanter began the quest for the Orb.
     0 | D:1      | Reached XP level 1. HP: 9/9 MP: 5/5
   456 | D:1      | Reached XP level 2. HP: 8/13 MP: 3/6
   607 | D:1      | Found a faded altar of an unknown god.
   628 | D:1      | Reached skill level 5 in Stealth
  1518 | D:1      | Learned a level 2 spell: Ensorcelled Hibernation
  2327 | D:2      | Reached XP level 3. HP: 16/16 MP: 8/8
  2357 | D:2      | Reached skill level 6 in Stealth
  3269 | D:3      | Noticed Natasha
  3691 | D:3      | Killed Natasha
  3692 | D:3      | Reached skill level 7 in Stealth
  3692 | D:3      | Reached XP level 4. HP: 17/21 MP: 2/9
  3774 | D:3      | Noticed Natasha
  3818 | D:3      | Killed Natasha
  3819 | D:3      | Reached skill level 8 in Stealth
  3846 | D:3      | Noticed Natasha
  3852 | D:3      | Noticed Robin
  4413 | D:3      | Reached XP level 5. HP: 18/24 MP: 10/10
  4747 | D:3      | Reached skill level 9 in Stealth
  4924 | D:3      | Killed Natasha
  5373 | D:3      | Killed Robin
  6077 | D:4      | Noticed an ogre
  6266 | D:4      | Killed an ogre
  6267 | D:4      | Reached skill level 10 in Stealth
  6267 | D:4      | Reached XP level 6. HP: 28/28 MP: 3/11
  6429 | D:3      | Learned a level 3 spell: Confusing Touch
  6788 | D:4      | Identified the +3 shortbow of Valiance {flame, rN+ Int+5}
  6899 | D:4      | Found a transporter.
  6899 | D:4      | Noticed cahman's ghost (amateur HOMo)
  6911 | D:4      | Identified the +6 great mace "Dragon's Tongue" {spect,
                  | Dex+6}
  6924 | D:4      | Found a staircase to the Ecumenical Temple.
  6940 | Temple   | Entered the Ecumenical Temple
  7043 | Temple   | Became a worshipper of Dithmenos the Shadowed
  7546 | D:5      | Entered Level 5 of the Dungeon
  7689 | D:5      | Reached skill level 11 in Stealth
  7805 | D:5      | Reached XP level 7. HP: 29/32 MP: 11/13
  8043 | D:5      | Reached skill level 1 in Ice Magic
  8969 | D:6      | Found a runed translucent door.
  8970 | D:6      | Noticed Crazy Yiuf
  8999 | D:6      | Reached skill level 12 in Stealth
  9030 | D:6      | Killed Crazy Yiuf
  9219 | D:6      | Reached XP level 8. HP: 35/36 MP: 8/15
  9237 | D:6      | Reached skill level 5 in Hexes
  9456 | D:6      | Reached * piety under Dithmenos
  9488 | D:6      | Identified the +0 cloak "Nysaudul" {rCorr Dex-4 Slay+5}
  9596 | D:6      | Found a blossoming altar of Fedhas.
 10032 | D:7      | Reached skill level 5 in Spellcasting
 10056 | D:7      | Reached skill level 13 in Stealth
 10056 | D:7      | Reached XP level 9. HP: 40/40 MP: 8/17
 10070 | D:7      | Reached skill level 1 in Fighting
 10128 | D:6      | Reached skill level 5 in Short Blades
 10176 | D:6      | Noticed a two-headed ogre
 10377 | D:6      | Slain by a two-headed ogre

Illustrated notes

Levels and vault maps discovered:
D:1:      dpeg_arrival_round_b, layout_loops_ring,
          ebering_ecumenical_altar_rust, minmay_distorted
D:2:      layout_basic
D:3:      layout_rooms, uniq_robin, uniq_natasha
D:4:      layout_basic, minmay_temple_entry_grid, gammafunk_ghost_smash
D:5:      layout_basic
D:6:      layout_cave_pools, general_overflow_altar, uniq_crazy_yiuf_cottage
D:7:      layout_cave_pools, mainiacjoe_overflow_small_starburst,
          minmay_guarded_unrand_staff_of_olgreb
Temple:   dpeg_five_rooms_temple

Skill      XL: |  1  2  3  4  5  6  7  8  9 |
---------------+----------------------------+-----
Stealth        | 5 7 8 10 11 12 13 | 13.1
Spellcasting   | 3 4 5 |  5.5
Hexes          | 4 6 |  6.6
Ice Magic      | 1 2 |  2.5
Short Blades   | 2 4 5 |  5.0
Dodging        | 3 4 |  4.1
Fighting       | 1 |  1.0

Action                   |  1- 3 |  4- 6 |  7- 9 || total
-------------------------+-------+-------+-------++-------
Melee: Dagger            |   117 |    73 |   170 ||   360
       Short sword       |       |    32 |    16 ||    48
 Cast: Corona            |    17 |       |     1 ||    18
       Ensorcelled Hiber |    17 |    38 |    42 ||    97
       Confusing Touch   |       |     1 |     8 ||     9
  Use: Scroll            |       |       |    11 ||    11
 Stab: Sleeping          |    29 |    29 |    23 ||    81
       Distracted        |     1 |       |     2 ||     3
       Confused          |       |     2 |     3 ||     5
Armor: Robe              |    11 |     6 |    32 ||    49
Dodge: Dodged            |    90 |    66 |   158 ||   314
